 Dungeon Crawl Stone Soup version 0.24-a0-163-g64c5a76fe2 (webtiles) character file.

Game seed: 5749777648732027384

32 MrRokkomies the Chucker (level 3, -2/39 HPs)
             Began as an Ogre Hunter on Mar 6, 2019.
             Slain by an adder (4 damage)
             ... on level 1 of the Dungeon.
             The game lasted 00:02:30 (1041 turns).

MrRokkomies the Chucker (Ogre Hunter)               Turns: 1041, Time: 00:02:31

Health: -2/39      AC:  3    Str: 16    XL:     3   Next: 27%
Magic:  3/3        EV: 10    Int: 12    God:
Gold:   40         SH:  0    Dex: 10    Spells: 2/2 levels left

rFire    . . .     SeeInvis .   h - +2 short sword (speed)
rCold    . . .     Gourm    .   (no shield)
rNeg     + . .     Faith    .   b - +0 robe
rPois    .         Spirit   .   (helmet restricted)
rElec    .         Reflect  .   (no cloak)
rCorr    .         Harm     .   (gloves unavailable)
MR       +....                  (boots unavailable)
Stlth    +.........             (no amulet)
HPRegen  0.13/turn              i - ring of positive energy
MPRegen  0.08/turn              j - ring of protection from magic

@: lethally poisoned (-2 -> -6)
A: large, unfitting armour, tough skin 1
a: no special abilities


You were on level 1 of the Dungeon.
You were not hungry.

You visited 1 branch of the dungeon, and saw 2 of its levels.

You collected 40 gold pieces.

Inventory:

Hand Weapons
 a - a +0 short sword
 h - a +2 short sword of speed (weapon)
Missiles
 c - 4 large rocks (quivered)
 d - 2 throwing nets
 e - 34 stones
 o - 21 poisoned needles
Armour
 b - a +0 robe (worn)
Jewellery
 i - a ring of positive energy (left hand)
 j - a ring of protection from magic (right hand)
Scrolls
 k - a scroll of teleportation {unknown}
 m - a scroll of identify {unknown}
Potions
 g - a potion of lignification {unknown}
 l - a potion of resistance {unknown}
 n - a potion of flight {unknown}
Comestibles
 f - 3 rations


   Skills:
 * Level 3.9 Fighting
 * Level 4.5 Throwing
 - Level 1.7 Dodging
 - Level 0.6 Stealth


You had 2 spell levels left.
You didn't know any spells.
Your spell library was empty.

Dungeon Overview and Level Annotations

Branches:
Dungeon (2/15)

Altars:


Innate Abilities, Weirdness & Mutations

You are too large for most types of armour.
You have tough skin. (AC +1)


Message History

You feel sick.
You feel sick.
You feel sick. The adder barely misses you.
You feel sick.
You feel sick. The quokka misses you. The adder bites you but does no damage.
The quokka twitches its whiskers.
The quokka bites you.
There is a stone staircase leading up here.
You feel sick. The adder bites you.
* * * LOW HITPOINT WARNING * * *
You climb upwards.
You feel sick.
There is a stone staircase leading down here.
Throwing (i - inventory. (/) - cycle)
c - 5 large rocks (quivered)
Press: ? - help, Shift-Dir - straight line, f - adder
Aim: an adder (almost dead)
You throw a large rock. The large rock misses the adder.
The adder barely misses you. The adder bites you.
* * * LOW HITPOINT WARNING * * *
The adder bites you.
You die...

#ā‰ˆPā‰ˆ.........#.#.#...
###############...##..
#...>............###..
#..........####### #..
#..........# ####..
####..........# ####....#
#.............# #......##
#.##..........# #.#..####
######.###...@...#.###...###..
#......# ##.S...##.....))....#
#.###### #########..#.#######
#.# ##..##.# #
#.###############..##..# ##
#...##.....#.....(....## #.
###................##########.
##........>......ā€ ..........
#...............###########


You could see an adder.

Vanquished Creatures
  4 leopard geckos
  3 bats (D:1)
  4 goblins
  5 hobgoblins
  4 kobolds (D:1)
  2 frilled lizards (D:1)
  A rat (D:1)
23 creatures vanquished.

Notes
Turn   | Place    | Note
-------+----------+-------------------------------------------
     0 | D:1      | MrRokkomies the Ogre Hunter began the quest for the Orb.
     0 | D:1      | Reached XP level 1. HP: 22/22 MP: 1/1
   141 | D:1      | Reached XP level 2. HP: 24/31 MP: 2/2
   668 | D:1      | Reached XP level 3. HP: 36/39 MP: 3/3
  1041 | D:1      | Slain by an adder

Levels and vault maps discovered:
D:1:      psy_arrival_conway, layout_rooms
D:2:      layout_basic, nicolae_ru_sacrificial_ziggurat,
          grunt_dithmenos_smoke_and_mirrors, first_ration,
          corexii_leaking_fountain

Skill      XL: |  1 |
---------------+----+-----
Fighting       | 3 |  3.9
Throwing       | |  4.5
Dodging        | |  1.7
Stealth        | |  0.6

Action                   || total
-------------------------++-------
Melee: Short sword       ||    69
Throw: Large rock        ||     4
 Stab: Sleeping          ||     2
Armor: Robe              ||    18
Dodge: Dodged            ||    48

Table legend:
 A = Non-vault XP
 B = Vault XP
 C = Vault XP percentage of total XP
 D = Non-vault monster count
 E = Vault monster count
 F = Vault count percentage of total count
                 A         B        C        D         E       F
            +---------+---------+-------+---------+---------+-------
      Total |      47 |       0 |   0.0 |      23 |       0 |   0.0
            +---------+---------+-------+---------+---------+-------
        D:1 |      38 |       0 |   0.0 |      19 |       0 |   0.0
        D:2 |       9 |       0 |   0.0 |       4 |       0 |   0.0
            +---------+---------+-------+---------+---------+-------
